 Dungeon Crawl Stone Soup version 0.31.0-9-g3a7656b989 (webtiles) character file.

Game seed: 14544695876415857144

102 Baz the Magician (level 5, 0/35 HPs)
             Began as a Djinni Earth Elementalist on Jan 29, 2024.
             Slain by Ijyb
             ... wielding a +0 club
              (5 damage)
             ... on level 3 of the Dungeon.
             The game lasted 00:03:19 (2204 turns).

Baz the Magician (Djinni Earth Elementalist)        Turns: 2204, Time: 00:03:20

Health: 0/35       AC:  2    Str:  7    XL:     5   Next: 5%
Gold:   4          EV: 13    Int: 19    God:
                   SH:  0    Dex: 13

rFire   + + .        o - +2 morningstar (heavy)
rCold   x . .        (no shield)
rNeg    . . .        a - +0 robe
rPois   ∞            (no helmet)
rElec   .            (no cloak)
rCorr   .            (no gloves)
SInv    .            (boots unavailable)
Will    .....        (no amulet)
Stlth   ++           (no ring)
HPRegen 0.25/turn    (no ring)
MPRegen 0.00/turn

%: infuse magic (-1 HP)
@: flying
A: sickness immunity, fire resistance 2, cold vulnerability 1, float, innate
caster, HP casting, extra vitality 1
a: no special abilities


You were on level 3 of the Dungeon.
You visited 1 branch of the dungeon, and saw 3 of its levels.

You collected 64 gold pieces.
You spent 60 gold pieces at shops.

Inventory:

Hand Weapons
 o - a +2 heavy morningstar (weapon)
Missiles
 n - a throwing net
Armour
 a - a +0 robe (worn)
Scrolls
 b - 2 scrolls of vulnerability
 d - a scroll of blinking {unknown}
 e - 4 scrolls of revelation {unknown}
 f - 2 scrolls of immolation
 g - a scroll of silence {unknown}
 h - a scroll of torment {unknown}
 j - a scroll of fog {unknown}
 l - 4 scrolls of teleportation
 m - a scroll of enchant armour {unknown}
Potions
 c - a potion of curing
 i - a potion of degeneration {unknown}
 k - a potion of haste {unknown}


   Skills:
 + Level 3.5 Dodging
 + Level 2.7 Stealth
 + Level 3.7 Spellcasting
 + Level 3.7 Conjurations
 + Level 3.7 Hexes
 + Level 3.7 Summonings
 + Level 3.7 Necromancy
 + Level 3.7 Translocations
 + Level 3.7 Fire Magic
 + Level 3.7 Ice Magic
 + Level 3.7 Air Magic
 + Level 3.7 Earth Magic
 + Level 3.7 Alchemy


You knew the following spells:

 Your Spells              Type           Power      Damage    Failure   Level
a - Sandblast             Erth           34%        2d9       3%          1
b - Passwall              Erth           17%        N/A       10%         3
c - Stone Arrow           Conj/Erth      34%        3d9       10%         3
d - Petrify               Alch/Erth      17%        N/A       30%         4
e - Brom's Barrelling Bo  Conj/Erth      17%        2d4       30%         4
f - Slow                  Hex            68%        N/A       3%          1
g - Blink                 Tloc           34%        N/A       4%          2
Your spell library was empty.

Dungeon Overview and Level Annotations

Branches:
Dungeon (3/15)

Altars:

Shops:
D:3 ?

Annotations:
D:3 Ijyb


Innate Abilities, Weirdness & Mutations

You are immune to sickness and miasma.
You are immune to poison.
Your flesh is very heat resistant. (rF++)
You are vulnerable to cold. (rC-)
You float through the air rather than walking.
You learn spells naturally, not from books.
Your magical power is your life essence.
You have superior vitality. (+4 MHP)


Message History

The blast of sand hits Ijyb but does no damage.
The goblin shouts!
Ijyb zaps a wand.
Your mind is blasted!
The blast of sand hits the goblin!
You kill the goblin!
The blast of sand hits Ijyb!
Ijyb is heavily wounded.
The blast of sand hits Ijyb.
Ijyb is severely wounded.
Ijyb hits you with a +0 club.
The blast of sand hits Ijyb.
Ijyb is almost dead.
The goblin hits you but does no damage.
Ijyb zaps a wand.
Your mind is blasted!
The goblin barely misses you. Ijyb hits you with a +0 club.
You are too injured to fight recklessly!
Unknown command.
You are too injured to fight recklessly!
Casting: Sandblast (safe; 3% risk of failure)
Confirm with . or Enter, or press ? or * to list all spells.
Aiming: Sandblast (safe; 3% risk of failure)
Press: ? - help, Shift-Dir - straight line, f/p - Ijyb
Aim: Ijyb, wielding a +0 club, wearing a +0 leather armour and carrying a wand of mindburst (almost dead, 77% to hit)
The blast of sand hits Ijyb but does no damage.
Ijyb is almost dead.
The goblin hits you with a +0 club.
* * * LOW HITPOINT WARNING * * *
Ijyb hits you with a +0 club.
* * * LOW HITPOINT WARNING * * *
Unknown command.
Unknown command.
Casting: Sandblast (safe; 3% risk of failure)
Confirm with . or Enter, or press ? or * to list all spells.
Aiming: Sandblast (safe; 3% risk of failure)
Press: ? - help, Shift-Dir - straight line, f/p - Ijyb
Aim: Ijyb, wielding a +0 club, wearing a +0 leather armour and carrying a wand of mindburst (almost dead, 77% to hit)
The blast of sand hits Ijyb but does no damage.
Ijyb is almost dead.
* * * LOW HITPOINT WARNING * * *
The goblin barely misses you. Ijyb hits you with a +0 club.
You die...

#################
##≈≈..#...#......#
#≈≈≈.)'...'......#
##≈≈≈..#...#......#
#≈≈#########..##''#
#≈≈#..........#.@.#
...'......[.).#gg.#
...'..........#.).#
..†'........).#...#
#≈≈#..........#...#
#≈≈#########..#...#
##≈≈≈..#...#..#...#
##≈≈≈..'...+ ##+##
###≈≈..#...#####


You could see Ijyb and a goblin.

Vanquished Creatures
  5 dart slugs
  3 ribbon worms
  5 orcs (D:3)
  6 endoplasms
  4 giant cockroaches
  13 goblins
  3 hobgoblins
  10 jackals
  2 kobolds
  A quokka (D:1)
  9 ball pythons
  A bat (D:1)
  9 rats
71 creatures vanquished.

Notes
Turn   | Place    | Note
-------+----------+-------------------------------------------
     0 | D:1      | Baz the Djinni Earth Elementalist began the quest for the
                  | Orb.
     0 | D:1      | Baz set off with the following spells memorised: Sandblast,
                  | Passwall, Stone Arrow, Petrify, Brom's Barrelling Boulder.
     0 | D:1      | Reached XP level 1. HP: 15/15 MP: 0/0
   118 | D:1      | Reached XP level 2. HP: 14/21 MP: 0/0
   158 | D:1      | Found a faded altar of an unknown god.
   403 | D:1      | Reached XP level 3. HP: 22/25 MP: 0/0
   403 | D:1      | Learned a level 1 spell: Slow
  1016 | D:2      | Reached XP level 4. HP: 20/31 MP: 0/0
  1428 | D:3      | Found Fyxzetoc's Magic Scroll Boutique.
  1442 | D:3      | Bought a scroll of identify for 24 gold pieces
  1587 | D:3      | Bought a scroll of teleportation for 36 gold pieces
  1767 | D:3      | HP: 1/31 [orc/+0 club (4)]
  2169 | D:3      | Reached XP level 5. HP: 34/35 MP: 0/0
  2169 | D:3      | Learned a level 2 spell: Blink
  2196 | D:3      | Noticed Ijyb
  2204 | D:3      | Slain by Ijyb

Illustrated notes

Levels and vault maps discovered:
D:1:      shiori_arrival_maze, layout_loops_ring,
          hellmonk_ecumenical_altar_dog_temple
D:2:      layout_rooms, nicolae_elevator_lobby_asterisk
D:3:      kennysheep_goblin_castle, layout_loops_ring,
          mainiacjoe_overflow_boulevard, serial_shops,
          nicolae_shop_competitors_out_of_business

Skill      XL: |  1  2  3 |
---------------+----------+-----
Stealth        | 2 |  2.7
Dodging        | 3 |  3.5
Spellcasting   | |  3.7
Conjurations   | |  3.7
Hexes          | |  3.7
Summonings     | |  3.7
Necromancy     | |  3.7
Translocations | |  3.7
Fire Magic     | |  3.7
Ice Magic      | |  3.7
Air Magic      | |  3.7
Earth Magic    | |  3.7
Alchemy        | |  3.7

Action                     |  1- 3 |  4- 6 || total
---------------------------+-------+-------++-------
  Melee: Unarmed           |     1 |       ||     1
   Cast: Sandblast         |    53 |    55 ||   108
    Use: Scroll            |       |     2 ||     2
         Potion            |       |     2 ||     2
 Armour: Robe              |    16 |    19 ||    35
  Dodge: Dodged            |    13 |    16 ||    29
